 Dungeon Crawl Stone Soup version 0.28-a0-8-g6e044cfa68 (webtiles) character file.

Game seed: 3439593663626380477

53 backslashecho the Skirmisher (level 4, -3/37 HPs)
             Began as a Formicid Wanderer on July 24, 2021.
             Was a Follower of Nemelex Xobeh.
             Slain by a scorpion (6 damage)
             ... on level 5 of the Dungeon.
             The game lasted 00:07:29 (2795 turns).

backslashecho the Skirmisher (Formicid Wanderer)    Turns: 2795, Time: 00:07:29

Health: -3/37      AC:  2    Str: 16    XL:     4   Next: 11%
Magic:  4/4        EV: 11    Int: 11    God:    Nemelex Xobeh [*.....]
Gold:   117        SH:  0    Dex: 12    Spells: 3/3 levels left

rFire   . . .      SeeInvis +   b - +0 club
rCold   . . .      Faith    .   (no shield)
rNeg    . . .      Spirit   .   e - +0 robe
rPois   .          Reflect  .   (helmet unavailable)
rElec   .          Harm     .   (no cloak)
rCorr   .          Rampage  .   (no gloves)
Will    .....                   (no boots)
Stlth   ++........              (no amulet)
HPRegen 0.12/turn               (no ring)
MPRegen 0.09/turn               (no ring)

@: lethally poisoned (-3 -> -7), attractive
A: permanent stasis, dig shafts and tunnels, antennae 3, four strong arms
a: Dig, Shaft Self, Renounce Religion, Draw Escape, Draw Destruction, Draw
Summoning


You were on level 5 of the Dungeon.
You worshipped Nemelex Xobeh.
Nemelex Xobeh was aware of your devotion.
You visited 1 branch of the dungeon, and saw 4 of its levels.

You collected 117 gold pieces.

Inventory:

Hand Weapons
 a - a +0 hand crossbow
 b - a +0 club (weapon)
Missiles
 c - 28 bolts
Armour
 e - a +0 robe (worn)
Scrolls
 i - a scroll of magic mapping {unknown}
 j - a scroll of enchant armour {unknown}
 l - a scroll of identify {unknown}
Potions
 d - a potion of curing
 k - a potion of degeneration {unknown}
Miscellaneous
 f - a tin of tremorstones (2/2) (quivered)


   Skills:
 + Level 4.0 Fighting
 + Level 2.8 Maces & Flails
 + Level 2.4 Armour
 - Level 1.0 Dodging
 - Level 2.4 Stealth
 - Level 1.1 Evocations


You had 3 spell levels left.
You didn't know any spells.
Your spell library was empty.

Dungeon Overview and Level Annotations

Branches:
Dungeon (5/15)
 Temple: D:4-7

Altars:
Nemelex Xobeh

Annotations:
D:3 Grinder


Innate Abilities, Weirdness & Mutations

You cannot be hasted, slowed, berserked, paralysed or teleported.
You can dig through walls and to a lower floor.
You have a pair of large antennae on your head. (SInv)
Your four strong arms can wield two-handed weapons with a shield.


Message History

The shaft crumbles and collapses.
Found a potion of curing.
You take 4 damage, and have 9/37 hp.
You start resting.
A water moccasin zombie comes into view.
You start resting.
HP restored.
Health restored: 37
Found a club.
Found a stone staircase leading up.
(D) Dungeon
Where to? (Enter - D:3, ? - help)
Found 13 gold pieces.
A scorpion comes into view.
Unknown command.
Your library has no spells.
You don't know any spells.
It was a potion of attraction.
You feel attractive to monsters.
It was a potion of heal wounds.
You feel much better. The scorpion stings you!
You are poisoned.
The scorpion poisons you!
You take 8 damage, and have 29/37 hp.
MASSIVE DAMAGE!!
You hit the scorpion.
The scorpion is lightly wounded.
You feel very sick. The scorpion stings you.
You take 9 damage, and have 20/37 hp.
MASSIVE DAMAGE!!
You hit the scorpion.
The scorpion is moderately wounded.
You feel sick. The scorpion stings you!
* * * LOW HITPOINT WARNING * * *
The scorpion stings you.
* * * LOW HITPOINT WARNING * * *
You take 16 damage, and have 4/37 hp.
MASSIVE DAMAGE!!
You hit the scorpion but do no damage.
The scorpion is moderately wounded.
* * * LOW HITPOINT WARNING * * *
You feel sick. The scorpion stings you.
You die...
Your body disappears without a glow.

##.. #.#.).. #....
#.....#
#..######.....#
##............#
#.............# #
#..!........#
####.#...........#
Z........###.....#
..........s@...#.#
..........######.#
########
....<...#.# #.#
#...!...
........#.# #.#
#.......
...$....#.# #.#
#.......
........#.. #.#
#.......
........##.
#.####.......
#......## ..
#.##..Z......
##.##.#.......


You could see a scorpion.

Vanquished Creatures
  A dart slug (D:2)
  3 endoplasms
  3 giant cockroaches
  3 goblins
  8 hobgoblins
  8 jackals
  4 kobolds
  2 quokkas (D:2)
  3 ball pythons
  2 bats
  2 frilled lizards (D:1)
  3 rats
42 creatures vanquished.

Vanquished Creatures (others)
  2 fungi (D:2)
2 creatures vanquished.

Grand Total: 44 creatures vanquished

Notes
Turn   | Place    | Note
-------+----------+-------------------------------------------
     0 | D:1      | backslashecho the Formicid Wanderer began the quest for the
                  | Orb.
     0 | D:1      | backslashecho set off with the following items: a +0 hand
                  | crossbow, a tin of tremorstones (2/2), 28 bolts, a potion
                  | of curing, a +0 robe, a +0 dagger
     0 | D:1      | Reached XP level 1. HP: 18/18 MP: 1/1
   127 | D:1      | Reached XP level 2. HP: 16/24 MP: 2/2
   749 | D:1      | Reached XP level 3. HP: 30/30 MP: 3/3
  2113 | D:2      | Reached XP level 4. HP: 37/37 MP: 4/4
  2121 | D:2      | Reached skill level 4 in Fighting
  2311 | D:2      | Found a faded altar of an unknown god.
  2464 | D:2      | Became a worshipper of Nemelex Xobeh the Trickster
  2464 | D:2      | Reached * piety under Nemelex Xobeh
  2508 | D:3      | Received a gift from Nemelex Xobeh
  2531 | D:3      | Noticed Grinder
  2539 | D:3      | You fall into a shaft and drop 2 floors!
  2539 | D:5      | Entered Level 5 of the Dungeon
  2784 | D:5      | Noticed a scorpion
  2795 | D:5      | Slain by a scorpion

Illustrated notes

Levels and vault maps discovered:
D:1:      dpeg_arrival_stone_temple_mockup, layout_loops_ring
D:2:      layout_rooms, shapermc_ecumenical_altar_acropolis
D:3:      layout_basic, uniq_grinder
D:5:      layout_basic, serial_shops, nicolae_diamond_shop, nrook_uturn

Skill      XL: |  1  2  3  4 |
---------------+-------------+-----
Armour         | 2 |  2.4
Fighting       | 4 |  4.0
Maces & Flails | |  2.8
Dodging        | |  1.0
Stealth        | |  2.4
Evocations     | |  1.1

Action                   |  1- 3 |  4- 6 || total
-------------------------+-------+-------++-------
Melee: Dagger            |     6 |       ||     6
       Club              |   141 |    27 ||   168
Invok: Draw Escape       |       |     1 ||     1
 Abil: Shaft Self        |       |     1 ||     1
  Use: Potion            |       |     2 ||     2
 Stab: Sleeping          |     4 |     1 ||     5
Armor: Robe              |    32 |     5 ||    37
Dodge: Dodged            |    98 |    16 ||   114

Table legend: (Time is in decaauts)
 A = Elapsed time spent in this place.
 B = Non-inter-level travel time spent in this place.
 C = Inter-level travel time spent in this place.
 D = Time resting spent in this place.
 E = Time spent auto-exploring this place.
 F = Levels seen in this place.
 G = Mean time per level.
                   A        B        C        D        E       F      G
               +--------+--------+--------+--------+--------+-----+--------+
         Total |   2826 |   2682 |    144 |   1106 |   1019 |   4 |  706.5 |
       Dungeon |   2826 |   2682 |    144 |   1106 |   1019 |   4 |  706.5 |
               +--------+--------+--------+--------+--------+-----+--------+

Top non-repeatable levels by time:
     D:1: 1770 daAuts
     D:2: 736 daAuts
     D:5: 256 daAuts
     D:3: 63 daAuts
